[Event "*** SCC Grand Prix: Titled Tuesday Blitz"]
[Site "Chess.com"]
[Date "2020.06.02"]
[Round "8"]
[White "cukus"]
[Black "Nara_Kh"]
[Result "1-0"]
[WhiteElo "2482"]
[BlackElo "2317"]
[TimeControl "180+1"]
[EndTime "11:36:07 PDT"]
[Termination "cukus won by resignation"]

1. e4 d6 2. d4 Nf6 3. Nc3 g6 4. f3 c6 5. Be3 b5 6. Qd2 Nbd7 7.
O-O-O e5 8. h4 b4 9. Nb1 c5 10. dxe5 dxe5 11. g4 Qc7 12. h5 c4 13. hxg6 fxg6 14. g5 c3 15. Qd3 Nh5 16. Qd5 Rb8 17. Qe6+ Be7 18. Bc4 Rf8 19. Rxh5 gxh5 20. g6 hxg6 21.
Qxg6+ Kd8 22. Bb3 cxb2+ 23. Kxb2 a5 24. Bg5 Qc5 25. Rd5 Qxg1 26. Bxe7+ Kxe7 27. Qxg1 1-0

[Event "*** SCC Grand Prix: Titled Tuesday Blitz"]
[Site "Chess.com"]
[Date "2020.06.02"]
[Round "8"]
[White "GM_Levan_Pantsulaia"]
[Black "seorobert1971"]
[Result "1-0"]
[WhiteElo "2837"]
[BlackElo "2646"]
[TimeControl "180+1"]
[EndTime "11:36:08 PDT"]
[Termination "GM_Levan_Pantsulaia won by resignation"]

1. Nf3 Nf6 2. g3 g6 3. b3 Bg7 4. Bb2 O-O 5. Bg2 b6 6. c4 Bb7 7. d4 e6 8. O-O d6 9. Nc3 Ne4 10.
Qc2 Nxc3 11. Bxc3 Nd7 12. e4 Qe7 13. Rfe1 a5 14. Rad1 Rad8 15. h4 Rfe8 16. a3 c5 17. d5 Bxc3 18. Qxc3 exd5 19. cxd5 Ba6 20. Nd2 Ne5 21. Bf1 Bxf1 22. Kxf1 Qd7 23. Kg2 a4 24. bxa4 Qxa4 25. h5 b5 26. hxg6 fxg6 27. Rh1 Ra8 28. f4 Nf7 29. Ra1 Rab8 30. Rac1 Re7 31.
Qf6 Rxe4 32. Rxh7 Re2+ 33. Kf3 1-0

[Event "*** SCC Grand Prix: Titled Tuesday Blitz"]
[Site "Chess.com"]
[Date "2020.06.02"]
[Round "8"]
[White "goofypenguin96"]
[Black "CrushingKings"]
[Result "1-0"]
[WhiteElo "2297"]
[BlackElo "2496"]
[TimeControl "180+1"]
[EndTime "11:36:08 PDT"]
[Termination "goofypenguin96 won by resignation"]

1. e4 g6 2. d4 Bg7 3. c4 d6 4. Nc3 Nf6 5. f3 c6 6. Be3 a6 7. a4 a5 8. Qd2 Na6 9. Bd3 Nb4 10.
Nge2 O-O 11. O-O Nxd3 12. Qxd3 Ne8 13. Rad1 Nc7 14. Qd2 d5 15. cxd5 cxd5 16. Bh6 Bd7 17. Bxg7 Kxg7 18. exd5 b5 19. axb5 Nxb5 20. Rfe1 Re8 21.
Nxb5 Bxb5 22. Nc3 Bc4 23. Qf4 Rb8 24. Rd2 Kg8 25. Qe5 Rb6 26. h4 h5 27. g4 Rf6 28.
Rg2 hxg4 29. fxg4 Rd6 30. Ne4 Rxd5 31. Nf6+ Kh8 32. Nxd5+ f6 33. Nxf6 1-0

[Event "*** SCC Grand Prix: Titled Tuesday Blitz"]
[Site "Chess.com"]
[Date "2020.06.02"]
[Round "8"]
[White "saraswathii"]
[Black "szachuspl"]
[Result "0-1"]
[WhiteElo "2371"]
[BlackElo "2535"]
[TimeControl "180+1"]
[EndTime "11:36:09 PDT"]
[Termination "szachuspl won by resignation"]

1. e4 c5 2. Nf3 e6 3. d3 b6 4. g3 Bb7 5. Bg2 g6 6. O-O Bg7 7. c3 Ne7 8. Qe2 O-O 9. e5 d6 10.
exd6 Qxd6 11. Bf4 Qd8 12. Nbd2 Nbc6 13. Nc4 Nd5 14. Bg5 Qc7 15. a4 h6 16. Bd2 Rad8 17.
Rfe1 Ba6 18. Rad1 Bxc4 19. dxc4 Nde7 20. Bf4 Qc8 21. Bd6 Rfe8 22. Ne5 Rxd6 23. Nxc6 Rxc6 24. Bxc6 Nxc6 25. Qe4 Ne5 26. f4 Ng4 27. Rd6 Rd8 28. Rxd8+ Qxd8 29. Qe2 h5 30. Rd1 Qa8 31. h3 Nh6 32. Qg2 Qe8 33. Qc2 Nf5 34. Kf2 Bf6 35.
a5 bxa5 36. Ra1 Qc6 37. Qe2 a4 38. Qf3 Qb6 39. Qe2 Qb7 40. Rxa4 Qh1 41. Rxa7 Qh2+ 42. Ke1 Qxg3+ 43. Kd1 Qxf4 44. Rd7 Ne3+ 45. Ke1 Nxc4 0-1

[Event "*** SCC Grand Prix: Titled Tuesday Blitz"]
[Site "Chess.com"]
[Date "2020.06.02"]
[Round "8"]
[White "kasparicy"]
[Black "Panterov"]
[Result "1/2-1/2"]
[WhiteElo "2201"]
[BlackElo "2123"]
[TimeControl "180+1"]
[EndTime "11:36:10 PDT"]
[Termination "Game drawn by repetition"]

1. e4 d6 2. d4 g6 3. Nc3 Bg7 4. Be2 Nf6 5. h4 O-O 6. h5 e5 7.
Nf3 exd4 8. Nxd4 Nc6 9. Be3 Re8 10. f3 Nxh5 11. Nxc6 bxc6 12. Bd4 Ng3 13. Rh2 c5 14.
Bxg7 Kxg7 15. Qd2 h5 16. O-O-O Be6 17. Qf4 Nxe2+ 18. Nxe2 Qf6 19. Qe3 Bxa2 20. g4 Bc4 21. Nf4 hxg4 22. Rg1 Rh8 23. Rhg2 Rab8 24. c3 Rh4 25. Rxg4 Rxg4 26. Rxg4 Rh8 27. Qg1 Rh6 28. Kc2 a5 29. Qg3 a4 30. Ng2 Bb3+ 31. Kd2 Rh1 32. Ne3 Kf8 33. Rf4 Qh8 34. Ng2 Qh2 35. Qg5 Rg1 36.
Qd8+ Kg7 37. Qf6+ Kg8 38. Qd8+ Kg7 39. Qf6+ Kg8 40. Qd8+ Kg7 1/2-1/2

[Event "*** SCC Grand Prix: Titled Tuesday Blitz"]
[Site "Chess.com"]
[Date "2020.06.02"]
[Round "8"]
[White "AndrewMaco"]
[Black "FairChess_on_YouTube"]
[Result "0-1"]
[WhiteElo "2653"]
[BlackElo "3002"]
[TimeControl "180+1"]
[EndTime "11:36:11 PDT"]
[Termination "FairChess_on_YouTube won on time"]

1. e4 c5 2. Nf3 d6 3. d4 cxd4 4. Nxd4 Nf6 5. Nc3 a6 6. f3 e5 7.
Nb3 Be7 8. Be3 Be6 9. Qd2 Nbd7 10. g4 b5 11. O-O-O O-O 12. g5 b4 13. gxf6 bxc3 14.
Qxc3 Nxf6 15. Na5 Qd7 16. Nc6 Rfc8 17. Nxe7+ Qxe7 18. Qa3 Ne8 19. Rg1 Qb7 20. Qa5 f5 21.
Bd3 f4 22. Bf2 Rc6 23. b3 Rac8 24. Kb2 Nf6 25. Rd2 Bc4 26. Rgd1 h6 27. Bh4 g5 28. Bf2 Bxd3 29. cxd3 Rc3 30. d4 Rxf3 31. dxe5 Nxe4 32.
exd6 Rxf2 33. Rxf2 Nxf2 34. Rd2 Ne4 35. d7 Nxd2 36.
Qf5 Nc4+ 37. Ka1 Qh1+ 0-1

[Event "*** SCC Grand Prix: Titled Tuesday Blitz"]
[Site "Chess.com"]
[Date "2020.06.02"]
[Round "8"]
[White "Carnivoras"]
[Black "Mikedannnn"]
[Result "0-1"]
[WhiteElo "2604"]
[BlackElo "2467"]
[TimeControl "180+1"]
[EndTime "11:36:11 PDT"]
[Termination "Mikedannnn won by resignation"]

1. d4 Nf6 2. Nf3 e6 3. Bg5 d5 4.
Nbd2 Be7 5. e3 O-O 6. Bd3 c5 7. c3 Nc6 8. O-O b6 9. Qe2 Bb7 10. a3 a5 11. Rfd1 h6 12. Bh4 Nh5 13. Bg3 Nxg3 14. hxg3 Bf6 15. e4 cxd4 16. e5 dxc3 17. exf6 cxd2 18. fxg7 Kxg7 19. Qxd2 Qf6 20. Qe3 Rab8 21.
Qxb6 Ba8 22. Qc5 Rxb2 23. Rac1 Ne5 24. Nxe5 Qxe5 25. Qxa5 Rfb8 26. Rf1 Ra2 27. Rc7 Qd4 28. Bb5 Qb6 29. Qc3+ d4 30. Qc4 Bd5 31. Qc1 Qxb5 32. Qf4 Qxf1+ 33. Kh2 0-1

[Event "*** SCC Grand Prix: Titled Tuesday Blitz"]
[Site "Chess.com"]
[Date "2020.06.02"]
[Round "8"]
[White "Marty435"]
[Black "ftorodent"]
[Result "0-1"]
[WhiteElo "2436"]
[BlackElo "2648"]
[TimeControl "180+1"]
[EndTime "11:36:12 PDT"]
[Termination "ftorodent won on time"]

1. d4 f5 2. Bf4 Nf6 3. e3 d6 4. Nc3 Nc6 5. Bc4 g6 6. h4 h6 7. Qf3 e6 8. Nge2 Qe7 9. Bh2 Bd7 10. O-O-O O-O-O 11. Nf4 Rg8 12. Qe2 g5 13. hxg5 hxg5 14.
Nd3 Bg7 15. d5 Na5 16. Nb4 Nxc4 17. Qxc4 Kb8 18. Rd3 Rc8 19. Nb5 exd5 20. Nxd5 Nxd5 21. Rxd5 Be6 22. Qa4 a6 23. Rxd6 axb5 24. Qa3 Bf8 0-1

[Event "*** SCC Grand Prix: Titled Tuesday Blitz"]
[Site "Chess.com"]
[Date "2020.06.02"]
[Round "8"]
[White "Blitzking642"]
[Black "AsaHoffmann"]
[Result "0-1"]
[WhiteElo "2305"]
[BlackElo "2451"]
[TimeControl "180+1"]
[EndTime "11:36:12 PDT"]
[Termination "AsaHoffmann won by resignation"]

1. d4 Nf6 2. c4 c5 3. d5 e5 4. Nc3 d6 5. e4 Be7 6. Nf3 Nbd7 7. Be2 Nf8 8. O-O Ng6 9. Ne1 O-O 10. Nd3 Ne8 11.
f4 exf4 12. Nxf4 Ne5 13. Be3 Bg5 14. Qd2 a6 15. Rab1 g6 16. b4 b6 17. h3 Ng7 18.
bxc5 bxc5 19. Qb2 Qe7 20. Rfe1 f5 21. Rf1 Nh5 22. Qd2 Ng3 23. Rf2 fxe4 24. Kh2 Nxe2 25. Qxe2 Nf3+ 26. gxf3 Bxf4+ 27. Bxf4 Rxf4 28. fxe4 Qe5 29. Rxf4 Qxf4+ 30. Kg2 Qg5+ 31. Kh1 Qh4 32. Qh2 Bd7 33.
Qxd6 Qxh3+ 34. Kg1 Bg4 35. Ne2 Bxe2 36. Qe6+ Qxe6 37.
dxe6 Bxc4 0-1

[Event "*** SCC Grand Prix: Titled Tuesday Blitz"]
[Site "Chess.com"]
[Date "2020.06.02"]
[Round "8"]
[White "nonsopolo1"]
[Black "timedothwasteme"]
[Result "1-0"]
[WhiteElo "2245"]
[BlackElo "2150"]
[TimeControl "180+1"]
[EndTime "11:36:12 PDT"]
[Termination "nonsopolo1 won by resignation"]

1. e4 c5 2. Nf3 Nc6 3. Bb5 g6 4. O-O Bg7 5. Re1 Nf6 6. h3 O-O 7. c3 d6 8. d3 a6 9. Ba4 b5 10. Bc2 e5 11. Nbd2 Be6 12. Nf1 h6 13. Be3 Kh7 14.
d4 cxd4 15. cxd4 exd4 16. Nxd4 Ne5 17. b3 Rc8 18. Rc1 Nc6 19. Nxc6 Rxc6 20. e5 dxe5 21.
Bxg6+ fxg6 22. Rxc6 Bd5 23. Rxa6 Ne4 24. Qg4 Nf6 25.
Qh4 Bb7 26. Ra7 Qd5 27. f3 Ra8 28. Rxa8 Bxa8 29. Bg5 Nh5 30. Be3 Bf6 31. Qb4 Ng7 32. Qd2 Qc6 33. Rc1 Qb7 34. Qd6 Be7 35. Qxe5 Nf5 36.
Rc7 1-0

[Event "*** SCC Grand Prix: Titled Tuesday Blitz"]
[Site "Chess.com"]
[Date "2020.06.02"]
[Round "8"]
[White "DonBroca"]
[Black "Yoshikrov"]
[Result "0-1"]
[WhiteElo "2172"]
[BlackElo "2052"]
[TimeControl "180+1"]
[EndTime "11:36:13 PDT"]
[Termination "Yoshikrov won by resignation"]

1. e4 c5 2. Nf3 d6 3. d4 cxd4 4. Nxd4 Nf6 5. Nc3 a6 6. Be3 e5 7. Nb3 Be6 8. f3 h5 9. Qd2 Nbd7 10. Be2 b5 11. Nd5 Bxd5 12. exd5 Nb6 13. Bxb6 Qxb6 14.
O-O-O Rc8 15. Kb1 Be7 16. Qa5 Qxa5 17. Nxa5 Rc5 18. Nb7 Rxd5 19. Rxd5 Nxd5 20. Rd1 Nf4 21. Bf1 O-O 22. g3 Ne6 23. a4 bxa4 24. Bxa6 Ra8 25. Bb5 a3 26. bxa3 Rxa3 27. Nxd6 Bxd6 28. Rxd6 Rxf3 29.
Bc4 Nd4 30. Rd8+ Kh7 31. Rd5 f6 32. Bd3+ g6 33. Rd7+ Kh6 34. Rd8 Kg5 35. Rg8 f5 36. h4+ Kf6 37. Rf8+ Ke7 38. Rg8 Kf7 39. Rd8 Rxg3 40.
Rd7+ Ke6 41. Rg7 e4 42. Bc4+ Ke5 43. Re7+ Kf4 44. Rg7 Nf3 45. Bf7 Nxh4 46. c4 e3 47.
Be8 e2 48. Re7 Re3 49. Rxe3 Kxe3 50. c5 e1=Q+ 0-1

[Event "*** SCC Grand Prix: Titled Tuesday Blitz"]
[Site "Chess.com"]
[Date "2020.06.02"]
[Round "8"]
[White "Chessmatus"]
[Black "Supernotar"]
[Result "0-1"]
[WhiteElo "2537"]
[BlackElo "2710"]
[TimeControl "180+1"]
[EndTime "11:36:14 PDT"]
[Termination "Supernotar won by resignation"]

1. e4 c6 2. d4 d5 3. e5 Bf5 4.
Nf3 e6 5. Be2 Nd7 6. O-O h6 7.
Nbd2 Ne7 8. Nb3 Bh7 9. a4 Nf5 10.
a5 Be7 11. g4 Nh4 12. Nxh4 Bxh4 13. f4 f5 14. Be3 O-O 15. Nd2 fxg4 16. Bxg4 Bf5 17.
h3 Qe8 18. Kh2 Qg6 19. Rg1 Qh7 20. Bxf5 Rxf5 21. Rg4 Be7 22. Qe2 Raf8 23. Rag1 R8f7 24. Nf1 Rf8 25. Ng3 R5f7 26. Nh5 g5 27. fxg5 hxg5 28. Bxg5 Rf2+ 29. Kh1 Rxe2 30. Bxe7+ Kh8 31. Bxf8 Nxf8 32. Rg5 Qe4+ 0-1

[Event "*** SCC Grand Prix: Titled Tuesday Blitz"]
[Site "Chess.com"]
[Date "2020.06.02"]
[Round "8"]
[White "jonaszmb"]
[Black "ClassyEl"]
[Result "0-1"]
[WhiteElo "2434"]
[BlackElo "2581"]
[TimeControl "180+1"]
[EndTime "11:36:14 PDT"]
[Termination "ClassyEl won on time"]

1. d4 Nf6 2. c4 e6 3. Nf3 c5 4. g3 cxd4 5. Nxd4 d5 6. Bg2 e5 7. Nf3 d4 8. O-O Nc6 9. e3 Be7 10. exd4 exd4 11. Re1 O-O 12. Bf4 Be6 13. Nbd2 Qb6 14. b3 Rfe8 15. Ne5 Rad8 16. Nxc6 bxc6 17.
Ne4 h6 18. c5 Bxc5 19. Nxf6+ gxf6 20. Qh5 d3 21. Rf1 Bf8 22. Bxh6 Bxh6 23. Qxh6 Qd4 24. Bxc6 Re7 25. Rad1 d2 26. Bg2 Bg4 27. Rxd2 Qxd2 28. Qxf6 Re1 29. Qxd8+ Qxd8 30. Rxe1 Qd2 31. Re8+ Kg7 32. h3 Be6 33. Ra8 Qxa2 34. b4 Bc4 35. Kh2 Qxf2 0-1

[Event "*** SCC Grand Prix: Titled Tuesday Blitz"]
[Site "Chess.com"]
[Date "2020.06.02"]
[Round "8"]
[White "eightbyeightchess"]
[Black "GMartin_Petrov"]
[Result "0-1"]
[WhiteElo "2412"]
[BlackElo "2566"]
[TimeControl "180+1"]
[EndTime "11:36:14 PDT"]
[Termination "GMartin_Petrov won on time"]

1. e4 c5 2. Nf3 d6 3. d4 cxd4 4.
Qxd4 Nf6 5. Bg5 e6 6. Bb5+ Bd7 7.
Bxd7+ Nbxd7 8. Nc3 Be7 9. O-O a6 10. Rad1 O-O 11. e5 dxe5 12. Nxe5 Nxe5 13. Qxe5 Qb6 14. b3 Rfd8 15. h3 h6 16. Be3 Qc6 17. Bd4 Bb4 18. Na4 Rd5 19. Qg3 Rg5 20. Qh2 b5 21. Nb6 Re8 22. Bxf6 gxf6 23. Nd7 Rg6 24. Rd3 Kh8 25. Rfd1 Reg8 26. g4 h5 27.
Nxf6 Rxf6 28. Qe5 Be7 0-1

[Event "*** SCC Grand Prix: Titled Tuesday Blitz"]
[Site "Chess.com"]
[Date "2020.06.02"]
[Round "8"]
[White "pfalcon1949"]
[Black "Zmof"]
[Result "0-1"]
[WhiteElo "2007"]
[BlackElo "2213"]
[TimeControl "180+1"]
[EndTime "11:36:14 PDT"]
[Termination "Zmof won by checkmate"]

1. d4 Nf6 2. c4 e6 3. Nc3 Bb4 4. a3 Bxc3+ 5. bxc3 b6 6. e3 Ba6 7. Bd3 O-O 8. Nh3 c5 9. O-O Nc6 10. e4 d6 11. f4 cxd4 12. cxd4 Nxd4 13. e5 dxe5 14. fxe5 Nf5 15. exf6 Qd4+ 16. Kh1 Qxa1 17. fxg7 Qxg7 18. Qh5 Qg6 19. Qe2 Rad8 20. Bb2 Bb7 21. Nf4 Qh6 22. Qg4+ Ng7 23. Nh5 f5 24. Qg3 Rxd3 25.
Qc7 Bxg2+ 26. Kxg2 Rd2+ 27. Kg1 Rxb2 28. Nxg7 Qg6+ 29.
Qg3 Qxg3+ 30. hxg3 Kxg7 31. Rf3 Rd8 32. Rc3 Rd1# 0-1

[Event "*** SCC Grand Prix: Titled Tuesday Blitz"]
[Site "Chess.com"]
[Date "2020.06.02"]
[Round "8"]
[White "Iljushin_Alexey"]
[Black "BogdanDeac"]
[Result "1-0"]
[WhiteElo "2681"]
[BlackElo "2911"]
[TimeControl "180+1"]
[EndTime "11:36:15 PDT"]
[Termination "Iljushin_Alexey won by resignation"]

1. d4 Nf6 2. c4 e6 3. Nc3 Bb4 4. e3 d5 5. cxd5 exd5 6. Ne2 c6 7. g3 h5 8. h3 Bf5 9. Bg2 Qd7 10. f3 c5 11. a3 Bxc3+ 12. Nxc3 cxd4 13. exd4 Nc6 14. Kf2 O-O-O 15. Bf4 Rde8 16. Nb5 Re6 17. Rc1 Kd8 18.
Qd2 Rhe8 19. Bf1 R8e7 20. Rg1 Ne8 21. g4 hxg4 22. hxg4 Bg6 23. Bg5 f6 24. Bf4 Bh7 25. Bg3 g5 26. Rh1 Bg6 27. Rh8 Rh7 28. Rxh7 Qxh7 29.
Nxa7 Nxa7 30. Qa5+ b6 31. Qxd5+ Qd7 32. Qa8+ Ke7 33.
d5 Re5 34. Bxe5 fxe5 35. Qb8 Kf6 36. Qxb6+ Nd6 37. Rc7 1-0

[Event "*** SCC Grand Prix: Titled Tuesday Blitz"]
[Site "Chess.com"]
[Date "2020.06.02"]
[Round "8"]
[White "Sunnika"]
[Black "deribas12345"]
[Result "1-0"]
[WhiteElo "2422"]
[BlackElo "2547"]
[TimeControl "180+1"]
[EndTime "11:36:15 PDT"]
[Termination "Sunnika won by resignation"]

1. d4 Nf6 2. Nf3 d6 3. c4 Bf5 4. Nc3 Nbd7 5. g3 Ne4 6. Bg2 Nxc3 7. bxc3 Be4 8. O-O g6 9. Bh3 b6 10. d5 Bg7 11. Nd4 c5 12. Nc6 Qc7 13. f3 Bf5 14. g4 Bxc3 15. Bh6 Ne5 16. gxf5 Nxc6 17. Rc1 Bd4+ 18. e3 Bf6 19. dxc6 Qxc6 20. Qd5 Qxd5 21. cxd5 Rg8 22. Bf4 g5 23. Bg3 b5 24. Kf2 b4 25. e4 Bd4+ 26. Ke2 a5 27. Kd3 f6 28. Rfd1 Kd7 29. Bf1 Kc7 30. Kc2 Kb6 31.
a4 bxa3 32. Rb1+ Kc7 33. Kb3 Rab8+ 34. Kxa3 Rb4 35. Be1 Rgb8 36. Bxb4 a4 37. Ba5+ Kc8 38. Rxb8+ 1-0

[Event "*** SCC Grand Prix: Titled Tuesday Blitz"]
[Site "Chess.com"]
[Date "2020.06.02"]
[Round "8"]
[White "LedakovAlexandr"]
[Black "Trickov"]
[Result "1/2-1/2"]
[WhiteElo "2482"]
[BlackElo "2341"]
[TimeControl "180+1"]
[EndTime "11:36:15 PDT"]
[Termination "Game drawn by agreement"]

1. d4 d5 2. c4 c6 3. Nf3 Nf6 4. Qc2 g6 5. e3 Bg7 6. Bd3 O-O 7.
b3 Nbd7 8. Bb2 a5 9. a3 b6 10. cxd5 cxd5 11. Nbd2 Ba6 12. Bxa6 Rxa6 13. Rc1 Ra8 14. O-O Rc8 15. Qd3 e6 16. h3 Qe7 17.
Qa6 Ra8 18. Qb5 Rfc8 19. Rc6 Rxc6 20. Qxc6 Qd8 21. Rc1 Bf8 22. g4 h6 23. Kg2 Rb8 24. Ne1 b5 25. Qc7 Be7 26. Nd3 Qxc7 27. Rxc7 Bd8 28. Rc6 Kf8 29. Nc5 Ke8 30. f4 Nb6 31. Nf3 a4 32. b4 Nc4 33. Bc1 Nd7 34. Ne5 Ndxe5 35. dxe5 1/2-1/2

[Event "*** SCC Grand Prix: Titled Tuesday Blitz"]
[Site "Chess.com"]
[Date "2020.06.02"]
[Round "8"]
[White "MilanJeremic"]
[Black "Lovinski"]
[Result "0-1"]
[WhiteElo "2237"]
[BlackElo "2367"]
[TimeControl "180+1"]
[EndTime "11:36:16 PDT"]
[Termination "Lovinski won by resignation"]

1. d4 d5 2. Nf3 e6 3. g3 Nf6 4. Bg2 b5 5. O-O Be7 6. Bg5 O-O 7. Bxf6 Bxf6 8. c3 Bb7 9. e3 Nd7 10. Nbd2 c5 11. Re1 a5 12. h4 b4 13. a3 bxc3 14.
bxc3 Be7 15. a4 Rb8 16. Nf1 Bd6 17. N1h2 Nf6 18. Bf1 Ne4 19. Rc1 Bc6 20. Bd3 Qd7 21. Bxe4 dxe4 22. Nd2 Bxa4 23. Qg4 f5 24. Qh5 cxd4 25.
cxd4 Bb4 26. Nc4 Bxe1 27. Rxe1 Qd5 28. Ne5 Be8 29. Qe2 a4 30. Ra1 Ra8 31. Ra3 Bb5 32. Qd1 Rfc8 33. g4 Be8 34. gxf5 exf5 35. Rxa4 Bxa4 36.
Qh5 Be8 37. Qxf5 Bg6 38. Qg5 Rf8 39. Nhg4 Rf5 40. Qe7 Raf8 41. h5 Bxh5 42. Nd7 Bxg4 43. Nxf8 Rxf8 44. Qh4 Bf3 45. Kh2 h6 0-1

[Event "*** SCC Grand Prix: Titled Tuesday Blitz"]
[Site "Chess.com"]
[Date "2020.06.02"]
[Round "8"]
[White "harperchesstt"]
[Black "sopo-tereladze"]
[Result "0-1"]
[WhiteElo "2177"]
[BlackElo "2335"]
[TimeControl "180+1"]
[EndTime "11:36:16 PDT"]
[Termination "sopo-tereladze won by checkmate"]

1. e4 e5 2. Nf3 Nc6 3. Bc4 Nf6 4. d3 Be7 5. O-O d6 6. a4 O-O 7. a5 a6 8. c3 Be6 9. Nbd2 Qd7 10. Re1 Rae8 11. Nf1 Bxc4 12. dxc4 Nh5 13. Nxe5 Nxe5 14. Qxh5 Nxc4 15. Ng3 g6 16. Qd5 Qe6 17. Qxb7 Bf6 18. Qxa6 h5 19. Bh6 Ra8 20. Qc6 Rfb8 21. a6 Bd8 22. a7 Rc8 23. Nf1 Nxb2 24. Reb1 Nd3 25.
Qxa8 Rxa8 26. Rb8 Qxe4 27. Bg5 Kg7 28. Bxd8 Qe2 29. Rxa8 Qxf2+ 30. Kh1 Nf4 31. Bf6+ Kxf6 32. Ra2 Qxf1# 0-1

[Event "*** SCC Grand Prix: Titled Tuesday Blitz"]
[Site "Chess.com"]
[Date "2020.06.02"]
[Round "8"]
[White "Matibar"]
[Black "JosefineHeinemann"]
[Result "1-0"]
[WhiteElo "2706"]
[BlackElo "2572"]
[TimeControl "180+1"]
[EndTime "11:36:17 PDT"]
[Termination "Matibar won by resignation"]

1. e4 e5 2. Nf3 Nc6 3. Bb5 a6 4. Ba4 Nf6 5. d3 b5 6. Bb3 Bc5 7. Nc3 O-O 8. Nd5 Rb8 9. Bg5 Be7 10. Nxe7+ Qxe7 11. c3 d6 12. h3 Be6 13. O-O Na5 14. Bc2 c5 15. Re1 h6 16. Be3 Nc6 17. a3 Rfd8 18.
b4 a5 19. Qb1 a4 20. Qb2 Rdc8 21.
Rac1 Nh5 22. d4 cxd4 23. cxd4 exd4 24. Nxd4 Nxd4 25. Qxd4 Rc4 26. Qd1 Nf6 27. Bd3 Rxc1 28.
Qxc1 Rc8 29. Qd1 Bc4 30. Bb1 Nd7 31. Qg4 Be6 32. Qg3 Kh8 33. Bd4 f6 34. f4 Bg8 35.
Kh2 Qf7 36. Bd3 Qb3 37. Bxb5 Nf8 38. e5 dxe5 39. fxe5 Qxg3+ 40. Kxg3 fxe5 41. Bxe5 Bb3 42. Re3 Ng6 43. Bd4 Rd8 44. Re8+ Rxe8 45. Bxe8 Ne7 46.
Kf4 Nd5+ 47. Ke5 Nf6 48. Bc6 1-0

[Event "*** SCC Grand Prix: Titled Tuesday Blitz"]
[Site "Chess.com"]
[Date "2020.06.02"]
[Round "8"]
[White "tomasdanada"]
[Black "abfchess"]
[Result "0-1"]
[WhiteElo "2213"]
[BlackElo "2109"]
[TimeControl "180+1"]
[EndTime "11:36:17 PDT"]
[Termination "abfchess won by checkmate"]

1. d4 d5 2. c4 e6 3. Nc3 Be7 4. Nf3 Nf6 5. Bf4 c6 6. e3 O-O 7. h3 Nbd7 8. c5 Ne4 9. Bd3 f5 10. g4 Qe8 11. Rg1 Qf7 12. Qc2 b6 13. cxb6 axb6 14. O-O-O Ba6 15. Kb1 Bxd3 16. Rxd3 c5 17.
gxf5 exf5 18. Ne5 Nxe5 19. Bxe5 Bf6 20. f4 Qa7 21. dxc5 bxc5 22. Rxd5 Nxc3+ 23. bxc3 Rfb8+ 24. Ka1 Bxe5 25. Rxe5 c4 26. Rxf5 Rb3 27. Rfg5 g6 28.
Rxg6+ Kh8 29. Rh6 Ra3 30. Kb1 Rxa2 31. Qf5 Ra1+ 32. Kc2 Qa2# 0-1

[Event "*** SCC Grand Prix: Titled Tuesday Blitz"]
[Site "Chess.com"]
[Date "2020.06.02"]
[Round "8"]
[White "Fighter008"]
[Black "HansCoolNiemann"]
[Result "1-0"]
[WhiteElo "2580"]
[BlackElo "2799"]
[TimeControl "180+1"]
[EndTime "11:36:18 PDT"]
[Termination "Fighter008 won by resignation"]

1. e4 e6 2. d4 d5 3. Nc3 Nf6 4. Bg5 dxe4 5. Nxe4 Be7 6. Bxf6 gxf6 7. Nf3 b6 8. Qd2 Bb7 9. Bd3 f5 10. Nc3 Nd7 11.
O-O-O Nf6 12. Qe2 Nd5 13. Nxd5 Qxd5 14. Kb1 O-O-O 15. Ba6 Bf6 16. Bxb7+ Kxb7 17. g3 Qe4 18. Rhe1 Qxe2 19. Rxe2 c5 20. Red2 cxd4 21. Nxd4 Rd5 22. c4 Rd7 23. Nb5 Rxd2 24. Rxd2 Rd8 25. Rxd8 Bxd8 26. Nd6+ Kc6 27. Nxf7 Bf6 28. f4 Kc5 29. Ng5 e5 30. Nxh7 Bh8 31. fxe5 Bxe5 32. b3 Kd4 33.
Kc2 Ke3 34. Ng5 Kf2 35. Kd3 Kg2 36. Ke2 Bf6 37. Nf3 Kh3 38. Ke3 Kg4 39. Kf2 Kh3 40.
Ke3 Kg4 41. b4 Bc3 42. a3 Bb2 43. a4 Ba3 44. Ne5+ Kh3 45. Nd3 a5 46. bxa5 bxa5 47. c5 Kxh2 48. Kf4 Kg2 49. Kxf5 Kxg3 50. Ke6 Kf3 51. c6 Ke4 1-0

[Event "*** SCC Grand Prix: Titled Tuesday Blitz"]
[Site "Chess.com"]
[Date "2020.06.02"]
[Round "8"]
[White "swimmerchess"]
[Black "xamax2000"]
[Result "1-0"]
[WhiteElo "2820"]
[BlackElo "2645"]
[TimeControl "180+1"]
[EndTime "11:36:19 PDT"]
[Termination "swimmerchess won by checkmate"]

1. e4 c5 2. Nf3 e6 3. d4 cxd4 4. Nxd4 Nc6 5. Nc3 d6 6. Be2 Nf6 7. O-O Be7 8. Be3 O-O 9. f4 Bd7 10. Kh1 Nxd4 11. Qxd4 Bc6 12. Bf3 Nd7 13. Rad1 Qa5 14.
b4 Qa3 15. Bc1 Qa6 16. Be2 b5 17. a4 Bf6 18. Qe3 Bxc3 19. Qxc3 Bxe4 20. Bxb5 Qb7 21.
Qg3 Rac8 22. Bb2 Bg6 23. Rxd6 Nb6 24. a5 Rxc2 25. Bxg7 Kxg7 26. axb6 Rfc8 27. h4 h5 28.
Bd3 R2c3 29. f5 exf5 30. Qe5+ Kg8 31. Bxf5 axb6 32. Bxg6 fxg6 33. Rxg6+ Kh7 34. Qxh5# 1-0

[Event "*** SCC Grand Prix: Titled Tuesday Blitz"]
[Site "Chess.com"]
[Date "2020.06.02"]
[Round "8"]
[White "Savva09022009"]
[Black "GregShahade"]
[Result "1-0"]
[WhiteElo "2405"]
[BlackElo "2562"]
[TimeControl "180+1"]
[EndTime "11:36:19 PDT"]
[Termination "Savva09022009 won on time"]

1. d4 Nf6 2. Nc3 d5 3. Bf4 g6 4. Qd2 Bg7 5. O-O-O c6 6. Bh6 Bxh6 7. Qxh6 b5 8. h4 Qa5 9. a3 b4 10. axb4 Qxb4 11.
f3 Nbd7 12. e4 dxe4 13. fxe4 Rb8 14. e5 Qxb2+ 15. Kd2 Nd5 16. Nxd5 cxd5 17. Qe3 Nb6 18. Qc3 Qxc3+ 19. Kxc3 Bf5 20. Bd3 Bxd3 21. Kxd3 Kd7 22. Nf3 f6 23. exf6 exf6 24. Ra1 Rb7 25. Ra5 Rc8 26. h5 g5 27. Nh2 Rbc7 28. Rc1 Rc3+ 29. Ke2 R8c7 30. Ng4 Rxc2+ 31. Rxc2 Rxc2+ 32. Kd3 Rd2+ 33. Kxd2 Nc4+ 34. Kd3 Nxa5 35. Nxf6+ Ke6 36. Nxh7 Kf5 37. Nf8 Kf6 38. g4 Nc4 39. Nh7+ Kg7 40. Nxg5 a5 41.
Ne6+ Kf6 42. h6 Nd6 43. g5+ Kxe6 44. h7 Nf7 45. g6 1-0

[Event "*** SCC Grand Prix: Titled Tuesday Blitz"]
[Site "Chess.com"]
[Date "2020.06.02"]
[Round "8"]
[White "TheoSlade"]
[Black "tsaruk_maks"]
[Result "0-1"]
[WhiteElo "2356"]
[BlackElo "2599"]
[TimeControl "180+1"]
[EndTime "11:36:19 PDT"]
[Termination "tsaruk_maks won on time"]

1. d4 Nf6 2. c4 g6 3. Nc3 d5 4. cxd5 Nxd5 5. e4 Nxc3 6. bxc3 Bg7 7. Bc4 c5 8. Ne2 O-O 9. O-O Nc6 10. Be3 b6 11.
dxc5 Qc7 12. Nd4 Ne5 13. Nb5 Qc6 14. Bd5 Qxb5 15. Bxa8 Bg4 16. f3 Rxa8 17. fxg4 bxc5 18. Rb1 Qa5 19. Qb3 e6 20. h3 h6 21. Bf4 g5 22.
Bxe5 Bxe5 23. Rxf7 Kxf7 24. Qb7+ Bc7 25. Rf1+ Ke7 26.
Qxa8 Qxc3 27. Qf8+ Kd7 28. Rf7+ Kc6 29. Qe8+ Kb6 30.
Qxe6+ Kb7 31. Qb3+ Qxb3 32. axb3 a5 33. Kf2 c4 34. bxc4 a4 35. Ke1 a3 36. Rf3 Bd6 37.
e5 a2 38. Rb3+ Kc6 39. exd6 a1=Q+ 40. Kd2 Kxd6 41. Rb6+ Kc5 42. Rxh6 Qb2+ 43. Ke3 Qxg2 44. Rh5 Qg3+ 45. Ke4 Qf4+ 46. Kd3 Qxc4+ 47. Ke3 Qf4+ 48. Ke2 Kd4 49. Rh8 Qe3+ 50. Kd1 Qf2 51. Rd8+ Ke5 52. Re8+ Kd6 0-1

[Event "*** SCC Grand Prix: Titled Tuesday Blitz"]
[Site "Chess.com"]
[Date "2020.06.02"]
[Round "8"]
[White "oykuince"]
[Black "gui_borba"]
[Result "0-1"]
[WhiteElo "2083"]
[BlackElo "2317"]
[TimeControl "180+1"]
[EndTime "11:36:19 PDT"]
[Termination "gui_borba won by resignation"]

1. e4 c6 2. d4 d5 3. Nc3 dxe4 4. Nxe4 Nf6 5. Nxf6+ exf6 6. Nf3 Bd6 7. Bd3 O-O 8.
c3 Re8+ 9. Be3 Na6 10. Bc2 Nc7 11. Qd3 g6 12. Qd2 Nd5 13. O-O-O f5 14. Bh6 b5 15.
h4 f6 16. h5 g5 17. Kb1 Bf4 18.
Qd3 g4 19. Bxf4 Nxf4 20. Qd2 Qd6 21. Nh4 Re2 22. Qc1 Rxf2 23. Rhe1 Bd7 24. Qe3 Rxc2 25. Kxc2 Nd5 26. Qh6 a5 27. Rf1 f4 28. Rde1 Ne3+ 29. Rxe3 fxe3 30. Rxf6 Qe7 31. Nf5 Bxf5+ 32. Rxf5 Qe4+ 33.
Kb3 Qxf5 34. Qxc6 Rf8 0-1